AoeStats
← [GDL] Maldito Pantoja

Nomad

509421045Analyzed
4v4 RM · 5d ago on Sep 26, 2026· 46m 42s· 8 players
Game mode
Random Map
Map size
231×231
Population
200
Speed
Normal
Resources
Standard
Victory
Conquest
Starting age
Dark Age
Ending age
Imperial Age
RankedLock teamsTeams togetherTeam positionsShared explorationLock speedFull tech treeHidden civsTurbo modeCheats
Victory
Defeat
🇹🇼 Khmer · Taiwan
1241
+14
🇹🇷 Khitans · Türkiye
1206
+16
🇹🇼 Malay · Taiwan
1196
+16
🇦🇷 Spanish · Argentina
1152
+18
🇺🇸 Malay · United States
1248
-19
🇲🇽 Huns · Mexico
1199
-16
🇺🇸 Vietnamese · United States
1181
-15
🇺🇸 Tatars · United States
1154
-14
[GDL] Maldito Pantoja
4:20 Loom
14:16 Feudal Age
20:01 Castle Age
18:23 Double-Bit Axe
23:08 Wheelbarrow
23:12 Horse Collar
23:22 Gold Mining
27:06 Heavy Plow
29:16 Bow Saw
28:58 Stone Mining
35:21 Imperial Age
35:24 Forging
35:21 Scale Barding Armor
41:08 Iron Casting
40:53 Chain Barding Armor
Slayer
3:43 Loom
13:43 Feudal Age
14:06 Double-Bit Axe
19:50 Castle Age
19:47 Scale Barding Armor
19:53 Forging
19:59 Bow Saw
20:42 Husbandry
21:52 Fishing Lines
25:14 Gillnets
25:19 Fletching
26:11 Thalassocracy
28:19 Bodkin Arrow
27:53 Man-at-Arms
29:48 Long Swordsman
30:30 Squires
31:20 Arson
32:12 Iron Casting
36:23 Imperial Age
35:56 Forced Levy
35:22 Two-Handed Swordsman
38:15 Blast Furnace
38:14 Bracer
39:36 Conscription
DeleFern
14:58 Feudal Age
16:19 Double-Bit Axe
17:44 Loom
21:50 Castle Age
20:27 Fletching
23:01 Bodkin Arrow
23:07 Padded Archer Armor
24:48 Gold Mining
26:22 Wheelbarrow
29:28 Stone Mining
31:24 Elite Skirmisher
32:35 Hand Cart
35:11 Imperial Age
37:55 Scale Barding Armor
37:51 Bracer
38:01 Forging
44:19 Ballistics
43:25 Heavy Cavalry Archer
46:23 Husbandry
ur dads dad
6:52 Loom
15:03 Feudal Age
17:49 Wheelbarrow
17:01 Double-Bit Axe
17:14 Gold Mining
17:12 Horse Collar
17:48 Town Watch
24:11 Castle Age
23:26 Forging
24:29 Scale Mail Armor
25:21 Pikeman
26:03 Squires
Profesor Cocoon
11:14 Loom
14:34 Feudal Age
18:36 Castle Age
16:58 Double-Bit Axe
25:24 Fletching
25:45 Horse Collar
26:32 Husbandry
28:03 Bodkin Arrow
29:37 Bloodlines
29:37 Town Watch
31:20 Murder Holes
33:04 Forging
35:29 Wheelbarrow
36:00 Ballistics
39:26 Scale Barding Armor
40:36 Chain Barding Armor
41:15 Iron Casting
43:34 Scale Mail Armor
43:16 Pikeman
48:40 Imperial Age
嗷拜
3:22 Loom
15:37 Feudal Age
16:03 Wheelbarrow
15:26 Double-Bit Axe
15:34 Gold Mining
15:28 Fishing Lines
18:35 Town Watch
19:51 Fletching
21:12 Padded Archer Armor
24:38 Castle Age
25:03 Gillnets
25:24 Medium Warships
25:50 Bow Saw
27:06 Gold Shaft Mining
28:05 Careening
27:37 Treadmill Crane
29:17 Clinker Construction
30:15 Hand Cart
31:23 Stone Mining
32:09 Forging
32:16 Bodkin Arrow
32:35 Masonry
32:46 Ballistics
33:23 Thalassocracy
34:34 Stone Shaft Mining
33:31 Man-at-Arms
34:12 Squires
35:42 Iron Casting
34:33 Long Swordsman
34:59 Arson
35:47 Pikeman
39:46 Imperial Age
37:17 Town Patrol
37:33 Siphons
39:14 Forced Levy
39:35 Conscription
38:37 Two-Handed Swordsman
40:23 Heavy Warships
41:04 Chemistry
40:27 Dry Dock
42:55 Blast Furnace
42:14 Elite Cannon Galleon
44:35 Bracer
45:08 Leather Archer Armor
xu3u6vm0888
4:30 Loom
14:14 Feudal Age
17:42 Castle Age
22:21 Husbandry
24:00 Scale Barding Armor
27:21 Chain Barding Armor
28:10 Horse Collar
29:28 Double-Bit Axe
33:16 Forging
33:42 Ballistics
35:00 Iron Casting
34:58 Bow Saw
34:52 Heavy Plow
Ubeydullah
6:02 Loom
15:05 Feudal Age
21:40 Castle Age
23:44 Wheelbarrow
30:40 Scale Barding Armor
30:26 Fishing Lines
42:32 Forging
45:11 Imperial Age
44:29 Iron Casting
44:15 Chain Barding Armor
45:36 Scale Mail Armor
45:56 Elite Steppe Lancer
Connection lost

Rejoining the realm…

Still unreachable

The connection could not be restored.

Session expired

The server has moved on; the page needs a fresh start.